 Dungeon Crawl Stone Soup version 0.29.1-15-g9cfb28693d (webtiles) character file.

Game seed: 5706237732116896544

16 hawla the Chiller (level 2, -1/22 HPs)
             Began as a Meteoran Ice Elementalist on Apr 13, 2023.
             Shot with a sling bullet by a goblin (2 damage)
             ... led by Robin
             ... on level 2 of the Dungeon.
             The game lasted 00:01:18 (390 turns).

hawla the Chiller (Meteoran Ice Elementalist)        Turns: 390, Time: 00:01:19

Health: -1/22      AC:  2    Str:  6 (9)  XL:     2   Next: 94%
Magic:  4/6        EV: 12    Int: 14 (16) God:
Gold:   42         SH:  0    Dex: 13 (14) Spells: 5/6 levels left

rFire   . . .      SeeInvis .   (no weapon)
rCold   . . .      Faith    .   (no shield)
rNeg    . . .      Spirit   .   a - +0 robe
rPois   .          Reflect  .   (no helmet)
rElec   .          Harm     .   (no cloak)
rCorr   .          Rampage  .   (no gloves)
Will    .....                   (no boots)
Stlth   +.........              (no amulet)
HPRegen 0.07/turn               d - ring of wizardry
MPRegen 0.10/turn               (no ring)

@: glowing
A: sense surroundings 1, otherworldly, glowing, explore regen
a: no special abilities


You were on level 2 of the Dungeon.
You visited 1 branch of the dungeon, and saw 2 of its levels.

You collected 42 gold pieces.

Inventory:

Armour
 a - a +0 robe (worn)
Jewellery
 d - a ring of wizardry (left hand)
Potions
 b - a potion of magic


   Skills:
 + Level 0.4 Fighting
 + Level 2.4 Dodging
 - Level 1.4 Stealth
 + Level 2.9 Spellcasting
 + Level 4.9 Ice Magic


You had 5 spell levels left.
You knew the following spells:

 Your Spells              Type           Power      Damage    Failure   Level
a - Freeze                Ice            60%        1d8       1%          1

Your spell library contained the following spells:

 Spells                   Type           Power      Damage    Failure   Level
 Frozen Ramparts          Ice            30%        1d5       3%          3
 Ozocubu's Armour         Ice            15%        N/A       3%          3
 Hailstorm                Conj/Ice       9%         3d4       30%         4


Dungeon Overview and Level Annotations

Branches:
Dungeon (2/15) Zot: 809

Altars:

Annotations:
D:2 Robin


Innate Abilities, Weirdness & Mutations

You passively map a small area around you.
You are easily found by Zot.
You glow in the dark.
You regain HP and MP as you explore.


Message History

Casting: Freeze (safe; 1% risk of failure)
Confirm with . or Enter, or press ? or * to list all spells.
Aiming: Freeze (safe; 1% risk of failure)
Press: ? - help, Shift-Dir - straight line, f - goblin
Aim: a goblin, wielding a +0 club (strong, ally target)
You freeze the goblin!
You kill the goblin!
Robin drinks a potion.
Robin suddenly seems more resistant.
The goblin hits you with a +0 dagger.
* * * LOW HITPOINT WARNING * * *
You swap places.
The goblin barely misses your butterfly.
Things that are here:
a +0 club; a goblin corpse The goblin barely misses your butterfly.
The goblin barely misses your butterfly.
Robin roars a battlecry!
The goblin unwields a +0 dagger.
The goblin wields a +0 sling.
The goblin shoots a sling bullet.
The sling bullet hits you.
* * * LOW HITPOINT WARNING * * *
You hear a shout!
You swap places.
The goblin hits your butterfly with a +0 dagger.
Your butterfly dies!
Your butterfly disappears in a burst of colours!
The goblin no longer looks unusually strong.
The goblin shoots a sling bullet.
The sling bullet hits you.
* * * LOW HITPOINT WARNING * * *
A goblin comes into view. It is wielding a +0 club.
The goblin unwields a +0 sling.
The goblin wields a +0 dagger.
The goblin hits your butterfly with a +0 dagger.
Your butterfly dies!
Your butterfly disappears in a burst of colours!
It was a potion of degeneration.
There was something very wrong with that liquid.
You feel weakened.
You feel dopey.
You feel clumsy.
The goblin no longer looks unusually strong.
The goblin unwields a +0 dagger.
The goblin wields a +0 sling.
The goblin shoots a sling bullet.
The sling bullet hits you.
You die...

#. #..# #. #..# #. *
#..# #.* ##..# #.
*.gg######.###### *
ggg,..##......#########
#g# #.###.............#
#.###.#ggg...@..#####.#
## #)#...g....##.#.#
#.# #.
,#.....g....##.#.# #.#
#. ###...#.##.##.#.#
##.# #. ##.##.##....#.#
##..# #. *,,*
#.##.####..#.###.#.##
#. * , #.##.#
#..#.##.###.## #. ,
#..... ,...#.#.## ##.#
#. ,* #..#.# * ##
##.###.## #.


You could see a hobgoblin and 4 goblins.

Vanquished Creatures
  A dart slug (D:2)
  A bat (D:2)
  3 goblins
  2 quokkas (D:1)
  A ball python (D:1)
  2 frilled lizards (D:1)
  2 kobolds
  2 rats (D:1)
14 creatures vanquished.

Notes
Turn   | Place    | Note
-------+----------+-------------------------------------------
     0 | D:1      | hawla the Meteoran Ice Elementalist began the quest for the
                  | Orb.
     0 | D:1      | Reached XP level 1. HP: 14/14 MP: 5/5
    73 | D:1      | Reached XP level 2. HP: 11/20 MP: 4/6
   370 | D:2      | Noticed Robin
   388 | D:2      | HP: 1/22 [goblin/sling bullet[Robin] (2)]
   390 | D:2      | Shot with a sling bullet by a goblin

Illustrated notes

Levels and vault maps discovered:
D:1:      giann_horns, layout_basic, hellmonk_ecumenical_altar_dog_temple
D:2:      kennysheep_six_static_rooms, layout_loops_ring, basic_altar,
          uniq_robin

Action                   || total
-------------------------++-------
Melee: Unarmed           ||     9
 Cast: Freeze            ||    18
  Use: Scroll            ||     1
       Potion            ||     1
Armor: Robe              ||     5
Dodge: Dodged            ||    13
